Map: Ascension to Aiur LE

Players

lllllllllllI - Winner!

  • Race: Protoss Protoss
  • League: Master
  • Spawn Location: 11:00

Strider

  • Race: Zerg Zerg
  • League: Master
  • Spawn Location: 5:00

VOD

Have the link to the VOD?

Description

Time

  • Played on: Dec. 27, 2017, 12:11 a.m.
  • Length: 14:08
Show
View Real Time Build Order
Export as new Build Order

lllllllllllI Protoss - Winner!

Build Orders: Cannon Rush 

Get SALT Encoding   

  12  0:01  Probe  
  14  0:16  Probe  
  14  0:20  Pylon  
  14  0:28  Probe (Chrono Boost)  
  15  0:39  Probe (Chrono Boost)  
  16  0:47  Forge  
  16  0:48  Probe  
  17  1:11  Probe  
  18  1:22  Pylon  
  18  1:26  Probe  
  19  1:38  Probe  
  20  1:42  Photon Cannon  
  20  1:43  Photon Cannon  
  20  1:45  Photon Cannon  
  20  1:50  Probe  
  20  1:52  Assimilator  
  21  1:55  Assimilator  
  21  2:02  Assimilator  
  21  2:03  Probe  
  22  2:15  Probe  
  23  2:26  Gateway  
  23  2:39  Nexus  
  23  3:02  Pylon  
  23  3:09  Pylon  
  23  3:13  Cybernetics Core  
  23  3:19  Probe  
  24  3:21  Photon Cannon  
  24  3:52  Stargate  
  24  3:53  Stargate  
  24  4:02  Probe  
  25  4:10  Shield Battery  
  25  4:12  Shield Battery  
  25  4:14  Probe  
  25  4:15  Photon Cannon  
  26  4:18  Shield Battery  
  26  4:26  Probe  
  27  4:36  Photon Cannon  
  27  4:41  Void Ray (Chrono Boost)  
  31  4:51  Void Ray (Chrono Boost)  
  35  5:00  Shield Battery  
  35  5:06  Probe  
  36  5:15  Assimilator  
  36  5:18  Void Ray (Chrono Boost)  
  40  5:49  Void Ray (Chrono Boost)  
  37  6:22  Forge  
  41  6:25  Void Ray (Chrono Boost)  
  41  6:31  Assimilator  
  41  6:45  Pylon  
  41  7:38  Pylon  
  41  7:39  Pylon  
  41  7:43  Fleet Beacon  
  41  7:57  Probe  
  42  7:59  Pylon  
  42  8:09  Probe  
  43  8:21  Photon Cannon  
  43  8:23  Photon Cannon  
  43  8:26  Pylon  
  43  8:29  Tempest (Chrono Boost)  
  49  8:37  Probe  
  50  8:44  Photon Cannon  
  50  8:56  Tempest (Chrono Boost)  
  56  9:29  Tempest  
  62  9:33  Photon Cannon  
  62  9:41  Photon Cannon  
  61  10:39  Pylon  
  61  10:42  Pylon  
  60  10:56  Tempest (Chrono Boost)  
  60  10:58  Tempest (Chrono Boost)  
  58  12:01  Pylon  
  58  12:05  Pylon  
  58  12:08  Pylon  
  58  12:11  Tempest  
  58  12:19  Tempest  
  64  12:54  Tempest  
Show
View Real Time Build Order
Export as new Build Order

Strider Zerg 

Build Orders: Hatch First, Roach Nydus 

Get SALT Encoding   

  12  0:01  Drone  
  13  0:12  Overlord  
  13  0:17  Drone  
  14  0:31  Drone x2  
  16  0:35  Drone  
  17  0:53  Hatchery  
  17  0:55  Drone  
  17  0:59  Drone  
  17  1:02  Extractor  
  17  1:18  Spawning Pool  
  16  1:21  Drone  
  16  1:22  Drone  
  18  1:30  Drone  
  19  1:46  Overlord  
  19  1:50  Drone  
  20  2:03  Drone  
  20  2:05  Queen  
  25  2:09  Spine Crawler  
  22  2:17  Zergling x2  
  22  2:22  Roach Warren  
  22  2:27  Drone  
  23  2:34  Zergling x4  
  25  2:37  Drone  
  26  2:49  Queen  
  28  2:53  Overlord  
  27  3:09  Extractor  
  26  3:20  Drone x2, Spore Crawler  
  26  3:21  Drone  
  26  3:26  Lair  
  28  3:30  Roach x3  
  28  3:34  Drone  
  35  3:46  Overlord  
  35  3:50  Ravager  
  35  3:51  Ravager  
  37  4:16  Roach  
  37  4:17  Overlord, Roach  
  41  4:26  Queen, Nydus Network  
  42  4:37  Roach x2  
  46  4:39  Roach  
  48  4:53  Spine Crawler  
  48  4:55  Overlord  
  47  5:08  Nydus Canal  
  47  5:14  Queen  
  49  5:33  Ravager x3  
  49  5:35  Drone x3  
  55  5:49  Metabolic Boost  
  55  5:56  Drone  
  56  6:08  Hatchery  
  55  6:14  Overseer  
  55  6:15  Drone  
  55  6:16  Drone  
  57  6:23  Ravager  
  58  6:48  Spore Crawler  
  58  6:50  Spore Crawler  
  58  6:54  Spore Crawler  
  55  7:09  Spore Crawler  
  54  7:15  Spore Crawler  
  53  7:28  Drone x2  
  53  7:29  Drone  
  48  7:44  Queen  
  50  7:58  Drone  
  50  7:59  Queen, Drone x2  
  50  8:01  Hatchery  
  50  8:02  Spore Crawler  
  50  8:03  Spore Crawler  
  50  8:05  Hydralisk Den  
  47  8:18  Drone  
  48  8:20  Spore Crawler  
  48  8:21  Spore Crawler  
  48  8:26  Drone x3, Spore Crawler  
  48  8:27  Spore Crawler  
  47  8:35  Muscular Augments  
  47  8:44  Spore Crawler  
  47  8:47  Spore Crawler  
  45  8:55  Hydralisk  
  45  9:00  Drone  
  45  9:01  Drone  
  49  9:05  Drone  
  50  9:20  Queen  
  52  9:26  Overlord  
  52  9:39  Nydus Canal  
  52  9:45  Drone x2  
  54  9:47  Drone  
  55  9:54  Hydralisk  
  55  9:59  Drone  
  58  10:02  Drone  
  59  10:35  Overlord x2  
  59  10:52  Queen x2  
  63  10:57  Hydralisk x2  
  63  10:58  Hydralisk x2  
  69  11:04  Hydralisk  
  69  11:08  Drone  
  69  11:09  Drone  
  71  11:22  Hydralisk x2  
  66  11:34  Queen  
  61  11:56  Hydralisk x3  
  63  12:22  Queen  
  61  12:24  Hydralisk  
  61  12:25  Hydralisk  
  54  12:39  Hydralisk x2  
  56  12:58  Hydralisk  
  56  13:01  Queen  
  58  13:22  Hydralisk  
  58  13:23  Hydralisk  
Tags
 
Add a new tag
Caveats
  • Supply blocks, unpowered buildings, or Contaminate may cause inaccurate times.
  • Supply counts are checked every 10 seconds.